 Dungeon Crawl Stone Soup version 0.18-a0-1180-g64ccc1e (webtiles) character file.

229 Grap the Skirmisher (level 6, 0/58 HPs)
             Began as a Hill Orc Fighter on Jan 28, 2016.
             Killed by nerve-wracking pain
             ... invoked by Grinder
              (13 damage)
             ... on level 4 of the Dungeon.
             The game lasted 00:05:53 (3474 turns).

Grap the Skirmisher (Hill Orc Fighter)              Turns: 3474, Time: 00:05:55

Health: 0/58       AC:  6    Str: 19    XL:     6   Next: 3%
Magic:  6/6        EV:  7    Int:  8    God:
Gold:   165        SH:  9    Dex: 12    Spells: 0 memorised, 5 levels left

rFire  . . .     SeeInvis .     a - +0 flail
rCold  . . .     Gourm    .     b - +0 scale mail
rNeg   . . .     Faith    .     c - +0 shield
rPois  .         Spirit   .     (no helmet)
rElec  .         Dismiss  .     (no cloak)
rCorr  .         Reflect  .     (no gloves)
SustAt .         Harm     .     (no boots)
MR     .....                    (no amulet)
Stlth  ..........               (no ring)
                                (no ring)

@: flying, not resistant to hostile enchantments, extremely unstealthy
A: no striking features
a: no special abilities


You were on level 4 of the Dungeon.
You were not hungry.

You visited 1 branch of the dungeon, and saw 4 of its levels.

You collected 165 gold pieces.

Inventory:

Hand Weapons
 a - a +0 flail (weapon)
Missiles
 o - 138 stones (quivered)
Armour
 b - a +0 scale mail (worn)
 c - a +0 shield (worn)
 m - a +0 chain mail
 r - a +0 cloak
Scrolls
 e - 2 scrolls of remove curse {unknown}
 g - 3 scrolls of identify {unknown}
 j - 3 scrolls of amnesia {unknown}
 k - 2 scrolls of teleportation {unknown}
 l - a scroll of fog {unknown}
 n - a scroll of noise {unknown}
 s - a scroll of random uselessness {unknown}
Potions
 d - a potion of might
 i - a potion of flight
 p - a potion of resistance {unknown}
 u - a potion of brilliance {unknown}
Books
 q - a Necronomicon

   Spells                             Type                      Level
   a - Haunt                          Necromancy/Summoning         7
   b - Borgnjor's Revivification      Necromancy                   8
   c - Death's Door                   Charms/Necromancy            8
   d - Necromutation                  Transmutation/Necromancy     8
Comestibles
 f - 3 bread rations
 h - 2 meat rations
 t - 5 chunks of flesh


   Skills:
 * Level 6.7 Fighting
 + Level 4.1 Maces & Flails
 - Level 3.2 Armour
 - Level 3.2 Shields


You had 5 spell levels left.
You didn't know any spells.

Dungeon Overview and Level Annotations

Branches:
Dungeon (4/15)
 Temple: D:4-7

Altars:
Cheibriados
Makhleb
Sif Muna

Annotations:
D:4 Grinder


Message History

You hit Grinder.
Grinder is moderately wounded.
Grinder barely misses you.
You hit Grinder.
Grinder is heavily wounded.
Grinder barely misses you.
You barely miss Grinder.
Grinder is heavily wounded.
You block Grinder's attack.
You hit Grinder.
Grinder is heavily wounded.
Grinder hits you but does no damage.
You sock Grinder!
Grinder is almost dead.
Grinder gestures at you. Pain shoots through your body!
* * * LOW HITPOINT WARNING * * *
Grinder gestures at you. Pain shoots through your body!
You die...

####.........#
#.........###.#
##.###.....###.#
.........#..##.###
)###....##..#...#
##.....###.....####
#......# ####.....#
#......# #.....#
#.@....# #.....#
#.....5.####
###...# ...##....#
#...# # ##...#
#...# #...# #...#
#...# #...# #...#
#...# #...# #...#
#####


You could see Grinder.

Vanquished Creatures
  5 gnolls
  4 river rats (D:2)
  3 adders
  An ooze (D:3)
  An adder skeleton (D:4)
  A worm (D:2)
  3 giant geckos
  11 orcs
  13 bats
  4 giant cockroaches
  4 goblins
  7 hobgoblins
  4 jackals (D:2)
  3 quokkas
  3 giant newts
  8 kobolds
  30 rats
105 creatures vanquished.

Notes
Turn   | Place    | Note
--------------------------------------------------------------
     0 | D:1      | Grap the Hill Orc Fighter began the quest for the Orb.
     0 | D:1      | Reached XP level 1. HP: 19/19 MP: 1/1
   223 | D:1      | Reached skill level 4 in Fighting
   411 | D:1      | Reached XP level 2. HP: 25/27 MP: 2/2
   618 | D:2      | Reached XP level 3. HP: 19/34 MP: 3/3
   650 | D:2      | Reached skill level 5 in Fighting
   925 | D:2      | Reached XP level 4. HP: 42/42 MP: 4/4
  1461 | D:2      | Found a burning altar of Makhleb.
  1468 | D:2      | Found a deep blue altar of Sif Muna.
  1634 | D:3      | Reached XP level 5. HP: 20/50 MP: 5/5
  1916 | D:3      | Reached skill level 6 in Fighting
  2517 | D:3      | Found a snail-covered altar of Cheibriados.
  3408 | D:4      | Reached XP level 6. HP: 54/58 MP: 6/6
  3460 | D:4      | Noticed Grinder
  3474 | D:4      | Killed from afar by Grinder

Vault maps used:
D:1:      eino_arrival_water_cross, nrook_mini_vaults, minmay_misc_feat_rows
D:2:      wad_woods_tower, amethyst_overflow_temple_binary
D:3:      nicolae_overflow_crystal_walls, minmay_rat_hole
D:4:      led_xom_imps, uniq_sigmund, uniq_grinder

Action                   |  1- 3 |  4- 6 || total
-------------------------+-------+-------++-------
Melee: Flail             |    82 |   316 ||   398
  Use: Potion            |       |     1 ||     1
  Eat: Chunk             |       |     9 ||     9
